 Dungeon Crawl Stone Soup version 0.27.0-1-g7a089689b8 (webtiles) character file.

Game seed: 17087558873196473159

267 Demosthentine the Poker (level 6, -4/48 HPs)
             Began as a Merfolk Gladiator on Aug 1, 2021.
             Slain by a sky beast (5 damage)
             ... on level 5 of the Dungeon.
             The game lasted 00:02:51 (2717 turns).

Demosthentine the Poker (Merfolk Gladiator)         Turns: 2717, Time: 00:02:51

Health: -4/48      AC:  4    Str: 16    XL:     6   Next: 21%
Magic:  6/6        EV: 14    Int:  7    God:
Gold:   139        SH:  0    Dex: 16    Spells: 5/5 levels left

rFire    . . .     SeeInvis .   a - +0 trident
rCold    . . .     Faith    .   (no shield)
rNeg     . . .     Spirit   .   b - +0 leather armour
rPois    .         Reflect  .   c - +0 helmet
rElec    .         Harm     .   (no cloak)
rCorr    .         Rampage  .   (no gloves)
Will     .....                  (no boots)
Stlth    +.........             (no amulet)
HPRegen  0.16/turn              (no ring)
MPRegen  0.10/turn              (no ring)

@: flying
A: (nimble swimmer 2), mertail
a: no special abilities


You were on level 5 of the Dungeon.
You visited 1 branch of the dungeon, and saw 5 of its levels.

You collected 139 gold pieces.

Inventory:

Hand Weapons
 a - a +0 trident (weapon)
Missiles
 d - a throwing net (quivered)
Armour
 b - a +0 leather armour (worn)
 c - a +0 helmet (worn)
Scrolls
 e - 3 scrolls of summoning
 f - 4 scrolls of identify
Potions
 g - a potion of mutation


   Skills:
 + Level 3.9 Fighting
 + Level 6.2 Polearms
 - Level 2.0 Throwing
 + Level 2.0 Armour
 + Level 5.5 Dodging


You had 5 spell levels left.
You didn't know any spells.
Your spell library was empty.

Dungeon Overview and Level Annotations

Branches:
Dungeon (6/15)
 Temple: D:4-7

Altars:
Ru


Innate Abilities, Weirdness & Mutations

((You are quick and stealthy near water. (Stealth+, EV+, Speed+++)))
Your lower body shifts to a powerful aquatic tail in water.


Message History

The hound zombie bites you but does no damage.
Your leather armour prevents you from hitting the hound zombie.
The hound zombie barely misses you. Something hits you. Something shocks you.
You hit the hound zombie.
The hound zombie is moderately damaged.
The hound zombie bites you. Something hits you. Something shocks you.
The hound zombie bites you.
You completely miss the hound zombie.
The hound zombie is moderately damaged.
The hound zombie bites you but does no damage.
Something hits you. Something shocks you.
* * * LOW HITPOINT WARNING * * *
You hit the hound zombie but do no damage.
The hound zombie is moderately damaged.
The hound zombie barely misses you. Something hits you.
* * * LOW HITPOINT WARNING * * *
Something shocks you.
* * * LOW HITPOINT WARNING * * *
You hit the hound zombie.
The hound zombie is moderately damaged.
The hound zombie bites you.
* * * LOW HITPOINT WARNING * * *
Something barely misses you. The hound zombie closely misses you.
Unknown command.
You puncture the hound zombie!
The hound zombie is severely damaged.
The hound zombie bites you but does no damage.
Something hits you but does no damage.
You hit the hound zombie.
The hound zombie is almost destroyed.
The hound zombie bites you but does no damage.
Something hits you but does no damage.
Unknown command.
Okay, then.
You closely miss the hound zombie.
The hound zombie is almost destroyed.
The hound zombie completely misses you. Something hits you.
* * * LOW HITPOINT WARNING * * *
Something shocks you.
You die...

### ..#
#.# #.#
#.# #.#
#Z# #@#
#{# #W#
#.# #.#
#.# #.#
#.#
#######.#


You could see a phantom and a hound zombie.

Vanquished Creatures
  A centaur (D:6)
  A kobold brigand (D:6)
  An orc wizard (D:2)
  3 adders
  A white imp (D:6)
  A dart slug (D:1)
  5 orcs (D:3)
  3 endoplasms
  4 giant cockroaches
  5 goblins
  5 jackals (D:1)
  3 quokkas
  5 ball pythons
  2 bats
  3 frilled lizards
  4 kobolds
  6 rats
53 creatures vanquished.

Notes
Turn   | Place    | Note
-------+----------+-------------------------------------------
     0 | D:1      | Demosthentine the Merfolk Gladiator began the quest for the
                  | Orb.
     0 | D:1      | Reached XP level 1. HP: 16/16 MP: 1/1
   312 | D:1      | Reached XP level 2. HP: 22/23 MP: 2/2
   419 | D:1      | Found a faded altar of an unknown god.
   651 | D:1      | Reached XP level 3. HP: 11/28 MP: 3/3
  1427 | D:2      | Reached skill level 5 in Polearms
  1635 | D:2      | Reached skill level 1 in Armour
  1635 | D:2      | Reached XP level 4. HP: 9/35 MP: 4/4
  2447 | D:3      | You fall into a shaft and drop 3 floors!
  2447 | D:6      | Noticed a centaur
  2459 | D:6      | Killed a centaur
  2460 | D:6      | Reached skill level 5 in Dodging
  2460 | D:6      | Reached XP level 5. HP: 22/41 MP: 5/5
  2482 | D:6      | Noticed a kobold brigand
  2485 | D:6      | Found a sacrificial altar of Ru.
  2498 | D:6      | Killed a kobold brigand
  2499 | D:6      | Reached skill level 6 in Polearms
  2499 | D:6      | Reached XP level 6. HP: 32/48 MP: 6/6
  2670 | D:6      | Noticed an orc warrior
  2688 | D:6      | Noticed a sky beast
  2694 | D:5      | Entered Level 5 of the Dungeon
  2714 | D:5      | HP: 1/48 [hound zombie (3)]
  2717 | D:5      | Slain by a sky beast

Illustrated notes

Levels and vault maps discovered:
D:1:      dpeg_arrival_three_bigger_balls, layout_basic,
          shapermc_ecumenical_altar_mp_ritualfount, st_stairs_6, minmay_vboxes
D:2:      layout_rooms
D:3:      layout_loops_ring
D:5:      layout_loops_ring, minmay_temple_entry_antechambers,
          lightli_church_of_beogh, uniq_eustachio, uniq_duvessa
D:6:      layout_rooms, nicolae_ru_the_path_less_chosen,
          mainiacjoe_overflow_alcove_1

Skill      XL: |  1  2  3  4  5  6 |
---------------+-------------------+-----
Polearms       | 5 6 |  6.2
Fighting       | 3 |  3.9
Armour         | 1 2 |  2.0
Dodging        | 5 |  5.5
Throwing       | |  2.0

Action                   |  1- 3 |  4- 6 || total
-------------------------+-------+-------++-------
Melee: Trident           |   120 |    71 ||   191
Throw: Throwing net      |       |     2 ||     2
  Use: Scroll            |     6 |     1 ||     7
       Potion            |       |     3 ||     3
 Stab: Sleeping          |     5 |     2 ||     7
Armor: Leather armour    |    36 |    25 ||    61
Dodge: Dodged            |    81 |    37 ||   118
